 Dungeon Crawl Stone Soup version 0.20-a0-1020-g7b9e4fe (webtiles) character file.

84 Ilten the Skirmisher (level 4, 0/37 HPs)
             Began as a Demonspawn Abyssal Knight on Apr 12, 2017.
             Was a Believer of Lugonu.
             Succumbed to a kobold's poison
             ... on level 3 of the Dungeon on Apr 19, 2017.
             The game lasted 00:14:22 (2416 turns).

Ilten the Skirmisher (Demonspawn Abyssal Knight)    Turns: 2416, Time: 00:14:23

Health: 0/37       AC:  5    Str: 13    XL:     4   Next: 24%
Magic:  6/6        EV: 10    Int: 14    God:    Lugonu [**....]
Gold:   37         SH:  0    Dex: 12    Spells: 3/3 levels left

rFire    . . .     SeeInvis .   a - +1 falchion
rCold    + . .     Gourm    .   (no shield)
rNeg     . . .     Faith    .   g - +0 ring mail
rPois    .         Spirit   .   (no helmet)
rElec    .         Reflect  .   (no cloak)
rCorr    .         Harm     .   (no gloves)
MR       .....                  (no boots)
Stlth    +.........             (no amulet)
Regen    0.2/turn               (no ring)
MPRegen  0.1/turn               (no ring)

@: lethally poisoned (0 -> -29)
A: talons 1, cold resistance 1
a: Depart the Abyss, Bend Space, Renounce Religion


You were on level 3 of the Dungeon.
You worshipped Lugonu.
Lugonu was pleased with you.
You were not hungry.

You visited 1 branch of the dungeon, and saw 3 of its levels.
You visited the Abyss 1 time.

You collected 37 gold pieces.

Inventory:

Hand Weapons
 a - a +1 falchion (weapon)
 j - a -1 whip
Armour
 b - a +0 leather armour
 g - a +0 ring mail (worn)
Scrolls
 e - a scroll of identify
 f - a scroll of remove curse
Potions
 d - 2 potions of haste {unknown}
Comestibles
 c - a bread ration


   Skills:
 + Level 3.7 Fighting
 + Level 2.6 Long Blades
 + Level 2.5 Armour
 + Level 1.3 Dodging
 + Level 2.7 Invocations


You had 3 spell levels left.
You didn't know any spells.

Dungeon Overview and Level Annotations

Branches:
Dungeon (3/15)

Altars:
Okawaru

Annotations:
D:2 Sigmund


Innate Abilities, Weirdness & Mutations

You have sharp toenails.
Your flesh is cold resistant. (rC+)


Message History

You feel sick.
The kobold shoots a poisoned needle.
The poisoned needle hits you!
You are more poisoned.
* * * LOW HITPOINT WARNING * * *
You feel sick.
The kobold shoots a poisoned needle.
The poisoned needle hits you!
You are more poisoned.
You see here a poisoned needle.
* * * LOW HITPOINT WARNING * * *
You feel very sick.
The kobold unwields an uncursed blowgun.
The kobold wields an uncursed dagger.
The kobold barely misses you.
You riposte.
You hit the kobold.
You kill the kobold!
Lugonu accepts your kill.
* * * LOW HITPOINT WARNING * * *
You feel very sick.
Things that are here:
an uncursed dagger; an uncursed blowgun; 4 poisoned needles You die...

#.# #...#.........# #.#
#.###........()...# #.#
#K(...............####.#
#.#..##..##.........##.#
#og......##).(.)....##.#
###...#.....o.(.....#....#
#.....#.##.#.?#######.##.....
......#...#.##.#)## #.# ..#.
#..>#.......##.#@# #.# ...
#.. .....#### .#.# ... .. #.
...#### #.# ... . # .... ...
..# ...## ... ... ..### .# ..


You could see an orc.

Vanquished Creatures
  A gnoll (D:1)
  An adder (D:2)
  2 worms
  3 dart slugs (D:1)
  2 leopard geckos
  2 orcs (D:3)
  3 giant cockroaches
  3 goblins (D:1)
  6 hobgoblins
  7 jackals (D:1)
  7 bats
  7 frilled lizards
  2 kobolds
  3 rats (D:1)
49 creatures vanquished.

Notes
Turn   | Place    | Note
-------+----------+-------------------------------------------
     0 | Abyss:1  | Ilten the Demonspawn Abyssal Knight began the quest for the Orb.
     0 | Abyss:1  | Reached XP level 1. HP: 18/18 MP: 2/2
    93 | Abyss:1  | Noticed a flying skull
    94 | D:1      | Escaped the Abyss
   163 | D:1      | Upgraded the game from 0.20-a0-1000-g0e8f6bb to 0.20-a0-1016-g241539b
   171 | D:1      | Reached * piety under Lugonu
   465 | D:1      | Gained mutation: Your flesh is cold resistant. (rC+) [demonic ancestry]
   465 | D:1      | Reached XP level 2. HP: 17/24 MP: 3/3
   722 | D:1      | Reached skill level 1 in Dodging
   789 | D:1      | Reached XP level 3. HP: 23/29 MP: 4/4
  1886 | D:2      | Upgraded the game from 0.20-a0-1016-g241539b to 0.20-a0-1020-g7b9e4fe
  2142 | D:2      | Noticed Sigmund
  2173 | D:3      | Gained mutation: You have sharp toenails. [demonic ancestry]
  2173 | D:3      | Reached XP level 4. HP: 23/37 MP: 6/6
  2336 | D:3      | Reached ** piety under Lugonu
  2339 | D:3      | Found an iron altar of Okawaru.
  2360 | D:3      | HP: 1/37 [poisoned by a kobold]
  2416 | D:3      | Succumbed to a kobold's poison

Vault maps used:
D:1:      ncdulo_smallfort
D:2:      first_bread, uniq_sigmund
D:3:      overflow_temple_1_default

Skill      XL: |  1  2 |
---------------+-------+-----
Armour         | 2 |  2.5
Long Blades    | 2 |  2.6
Dodging        | 1 |  1.3
Fighting       | |  3.7
Invocations    | |  2.7

Action                   |  1- 3 |  4- 6 || total
-------------------------+-------+-------++-------
Melee: Falchion          |   104 |    18 ||   122
       Kick              |       |     4 ||     4
Invok: Depart the Abyss  |     1 |       ||     1
       Bend Space        |       |     1 ||     1
  Use: Scroll            |     2 |     2 ||     4
       Potion            |       |     2 ||     2
  Eat: Chunk             |     2 |       ||     2
       Royal jelly       |     1 |       ||     1
       Bread ration      |       |     1 ||     1
Armor: Leather armour    |    37 |       ||    37
       Ring mail         |    21 |     9 ||    30
Dodge: Dodged            |    99 |    17 ||   116
       Rpst.: Falchion   |    42 |     7 ||    49
